Connexion

DALLAS Stars vs LOS ANGELES Kings

Created - 4 avril 2024 at 05:48

Goals
1 2 3 OT1 T
DALLAS Stars 1 0 2 1 4
LOS ANGELES Kings 1 2 0 0 3
Shots
1 2 3 OT1 T
DALLAS Stars 5 6 10 2 23
LOS ANGELES Kings 11 8 8 1 28

GoalsPenalties
1st period
1. LOS ANGELES Kings , Nicolas Roy 8 (Arber Xhekaj 19) at 12:27
2. DALLAS Stars , Dylan Cozens 28 (Mikhail Sergachev 37) at 12:39
No Penalty
2nd period
3. LOS ANGELES Kings , Jason Zucker 39 (Brayden Schenn 40) at 0:06
4. LOS ANGELES Kings , Arber Xhekaj 3 (Jesse Ylonen 10, Brock McGinn 29) at 13:02
Aaron Ekblad (L.A) for High sticking (Minor) at 0:21
Brayden Schenn (L.A) for Tripping (Minor) at 14:58
Tyler Bertuzzi (DAL) for Hooking (Minor) at 14:58
Brock McGinn (L.A) for High sticking (Minor) at 19:27
3rd period
5. DALLAS Stars , William Karlsson 19 (Tyson Jost 23, Neal Pionk 39) at 14:24
6. DALLAS Stars , Tomas Hertl 23 (Sebastien Aho 48) at 17:05 (PP)
Thomas Chabot (L.A) for Hooking (Minor) at 16:09
Overtime #1
7. DALLAS Stars , Sebastien Aho 32 (Daniel Sprong 17, Mikhail Sergachev 38) at 3:44
No Penalty
Goalie Stats
Joonas Korpisalo (DAL), 25 saves from 28 shots - (0,893), W, 32-27-1, 63:45 minutes
Cayden Primeau (L.A), 19 saves from 23 shots - (0,826), OTL, 5-7-9, 63:45 minutes
3 StarsOfficial
1 - Arber Xhekaj (L.A)
2 - Sebastien Aho (DAL)
3 - Mikhail Sergachev (DAL)
Referees : Marc Joannette and Dan Marouelli
Linesman : Don Henderson and Mark Wheler
Game Note
No Game Note
Finance
Level 1 -- Attendance: 5982 (99,70%) -- Ticket Income $807,570
Level 2 -- Attendance: 4021 (78,57%) -- Ticket Income $361,890
Level 3 -- Attendance: 1572 (78,60%) -- Ticket Income $94,320
Level 4 -- Attendance: 3205 (80,13%) -- Ticket Income $128,200
Luxury Box -- Attendance: 890 (89,00%) -- Ticket Income $204,700
Game was played at the Staples Center.
Total Attendance: 15670 (86,49%)
Total Ticket Income: $1,596,680
Other Income: $319,336
Total Income: $1,916,016



Team Name Goals Shots Shots Attemp Shots Blocked PIM HIT PP PK FO%
DALLAS Stars 4235362291 / 3 (33%)050%
LOS ANGELES Kings 3286368200 / 0 (0,00%150%

DALLAS Stars
Player Name POS G A P +/- PIM HIT SHT SB MP PP MP PP SHT PK MP PK SHT FO% FOT
Damon SeversonD0000002024:292:0810:0000% 0
Daniel SprongLW/RW0112011013:140:0000:0000% 1
Darnell NurseD000-1041121:142:4610:0000% 0
Dylan CozensC1010011022:283:0000:00054% 26
Gustav LindstromD0000001114:170:0000:0000% 0
John CarlsonD000-1003123:082:4600:0000% 0
Mikhail SergachevD0221030126:202:0800:0000% 0
Morgan FrostC000-100006:300:0000:00050% 10
Neal PionkD0110040014:170:0000:0000% 0
Ondrej KaseLW/RW000-1031020:563:0000:00067% 3
Peyton KrebsC/LW000-100107:360:0000:000100% 1
Reilly SmithLW/RW000-1001016:271:5400:0000% 1
Rem PitlickC/LW/RW000-100006:300:0000:000100% 1
Sebastien AhoC/LW/RW1121015121:491:5420:00033% 6
Tomas HertlC/LW101-1042016:271:5410:00053% 15
Tyler BertuzziLW/RW0000251023:473:0010:000100% 2
Tyson JostC/LW0111001114:300:0000:00033% 3
William KarlssonC/LW1011032015:160:0000:00040% 15
LOS ANGELES Kings
Player Name POS G A P +/- PIM HIT SHT SB MP PP MP PP SHT PK MP PK SHT FO% FOT
Aaron EkbladD000-1211023:160:0001:3100% 0
Arber XhekajD1122022016:360:0001:5500% 0
Axel Jonsson FjallbyLW000-100006:180:0000:0000% 0
Brayden SchennC/LW/RW0110202021:590:0004:06065% 23
Brock McGinnLW/RW0111212013:050:0000:00050% 4
Calen AddisonD0000010222:460:0002:1000% 0
Chandler StephensonC/LW000-201209:470:0000:48029% 7
Derek ForbortD0002021114:410:0000:0000% 0
Jakob SilfverbergLW/RW0001020017:320:0000:0000% 0
Jason ZuckerLW/RW1010047023:140:0004:06156% 9
Jesse YlonenRW0111001012:490:0000:0000% 0
Mats ZuccarelloLW/RW000-1002019:230:0000:45050% 2
Mika ZibanejadC/LW/RW0001003017:320:0000:0000% 2
Nick BoninoC/LW000-100007:460:0000:00020% 5
Nick FolignoC/LW/RW0001010011:290:0000:00055% 11
Nicolas RoyC1011004119:410:0000:03048% 21
Olli MaattaD0000031020:520:0002:0700% 0
Thomas ChabotD000-2220225:320:0002:0500% 0



Play-by-Play

1st period


0:01 of 1st period - Dylan Cozens wins face-off versus Brayden Schenn in neutral zone.
0:07 of 1st period - Icing by Aaron Ekblad.
0:08 of 1st period - Tomas Hertl wins face-off versus Brayden Schenn in LOS ANGELES Kings zone.
0:19 of 1st period - Shot by Brayden Schenn.
0:19 of 1st period - Stopped by Joonas Korpisalo without a rebound.
0:20 of 1st period - William Karlsson wins face-off versus Nicolas Roy in DALLAS Stars zone.
0:30 of 1st period - Mika Zibanejad is hit by Daniel Sprong and loses puck.
0:55 of 1st period - Shot by Jakob Silfverberg.
0:55 of 1st period - Shot Misses the Net.
0:57 of 1st period - Shot by Olli Maatta.
0:57 of 1st period - Stopped by Joonas Korpisalo without a rebound.
0:58 of 1st period - Dylan Cozens wins face-off versus Nick Foligno in DALLAS Stars zone.
0:58 of 1st period - Sebastien Aho is hit by Nick Foligno and loses puck.
1:33 of 1st period - Shot by Brock McGinn.
1:33 of 1st period - Stopped by Joonas Korpisalo without a rebound.
1:34 of 1st period - Brayden Schenn wins face-off versus Tomas Hertl in DALLAS Stars zone.
1:54 of 1st period - Icing by Aaron Ekblad.
1:55 of 1st period - Morgan Frost wins face-off versus Mats Zuccarello in LOS ANGELES Kings zone.
2:26 of 1st period - Shot by Mats Zuccarello.
2:26 of 1st period - Shot Misses the Net.
4:16 of 1st period - Shot by Tomas Hertl.
4:16 of 1st period - Stopped by Cayden Primeau without a rebound.
4:17 of 1st period - Brayden Schenn wins face-off versus William Karlsson in LOS ANGELES Kings zone.
4:30 of 1st period - Shot by Brayden Schenn.
4:30 of 1st period - Shot Misses the Net.
4:33 of 1st period - Icing by John Carlson.
4:34 of 1st period - William Karlsson wins face-off versus Nick Foligno in DALLAS Stars zone.
4:48 of 1st period - Shot by Brock McGinn.
4:48 of 1st period - Shot Misses the Net.
4:59 of 1st period - Icing by Daniel Sprong.
5:00 of 1st period - Mats Zuccarello wins face-off versus Tyson Jost in DALLAS Stars zone.
5:04 of 1st period - Icing by William Karlsson.
5:05 of 1st period - Brayden Schenn wins face-off versus Tyson Jost in DALLAS Stars zone.
5:11 of 1st period - John Carlson is hit by Jason Zucker and loses puck.
5:23 of 1st period - Off-side.
5:24 of 1st period - Tomas Hertl wins face-off versus Nicolas Roy in neutral zone.
5:46 of 1st period - Shot by Mika Zibanejad.
5:46 of 1st period - Stopped by Joonas Korpisalo with a rebound.
5:48 of 1st period - Shot by Thomas Chabot.
5:48 of 1st period - Shot Misses the Net.
5:50 of 1st period - Shot by Aaron Ekblad.
5:50 of 1st period - Stopped by Joonas Korpisalo without a rebound.
5:51 of 1st period - Tyler Bertuzzi wins face-off versus Brayden Schenn in DALLAS Stars zone.
5:51 of 1st period - Sebastien Aho is hit by Jason Zucker and loses puck.
6:36 of 1st period - Shot by Sebastien Aho.
6:36 of 1st period - Shot Blocked by Derek Forbort.
6:45 of 1st period - Icing by Brayden Schenn.
6:46 of 1st period - Brayden Schenn wins face-off versus Tomas Hertl in LOS ANGELES Kings zone.
7:05 of 1st period - Reilly Smith is hit by Aaron Ekblad and loses puck.
7:16 of 1st period - Shot by Nick Foligno.
7:16 of 1st period - Shot Misses the Net.
7:18 of 1st period - Shot by Brock McGinn.
7:18 of 1st period - Shot Misses the Net.
7:20 of 1st period - Shot by Brock McGinn.
7:20 of 1st period - Shot Misses the Net.
7:22 of 1st period - Shot by Thomas Chabot.
7:22 of 1st period - Shot Misses the Net.
7:24 of 1st period - Shot by Jesse Ylonen.
7:24 of 1st period - Stopped by Joonas Korpisalo without a rebound.
7:25 of 1st period - Nicolas Roy wins face-off versus Daniel Sprong in DALLAS Stars zone.
7:40 of 1st period - Shot by William Karlsson.
7:40 of 1st period - Stopped by Cayden Primeau with a rebound.
7:42 of 1st period - Shot by William Karlsson.
7:42 of 1st period - Shot Blocked by Calen Addison.
7:44 of 1st period - Shot by William Karlsson.
7:44 of 1st period - Shot Misses the Net.
7:56 of 1st period - Shot by Daniel Sprong.
7:56 of 1st period - Shot Misses the Net.
7:58 of 1st period - Shot by William Karlsson.
7:58 of 1st period - Shot Misses the Net.
8:00 of 1st period - Shot by William Karlsson.
8:00 of 1st period - Shot Misses the Net.
8:46 of 1st period - Jesse Ylonen is hit by Neal Pionk and loses puck.
9:21 of 1st period - Jason Zucker is hit by Ondrej Kase and loses puck.
9:28 of 1st period - Shot by Ondrej Kase.
9:28 of 1st period - Shot Misses the Net.
9:36 of 1st period - Shot by Ondrej Kase.
9:36 of 1st period - Stopped by Cayden Primeau without a rebound.
9:37 of 1st period - Nick Bonino wins face-off versus Morgan Frost in LOS ANGELES Kings zone.
9:49 of 1st period - Off-side.
9:50 of 1st period - Brayden Schenn wins face-off versus William Karlsson in neutral zone.
9:50 of 1st period - Jason Zucker is hit by William Karlsson and loses puck.
10:01 of 1st period - Shot by Jason Zucker.
10:01 of 1st period - Stopped by Joonas Korpisalo without a rebound.
10:02 of 1st period - Nicolas Roy wins face-off versus Dylan Cozens in DALLAS Stars zone.
11:33 of 1st period - Shot by Ondrej Kase.
11:33 of 1st period - Shot Blocked by Calen Addison.
11:35 of 1st period - Shot by John Carlson.
11:35 of 1st period - Shot Hit the Post.
11:52 of 1st period - Icing by Olli Maatta.
11:53 of 1st period - Brayden Schenn wins face-off versus Morgan Frost in LOS ANGELES Kings zone.
12:15 of 1st period - Icing by Morgan Frost.
12:16 of 1st period - Nicolas Roy wins face-off versus Morgan Frost in DALLAS Stars zone.
12:27 of 1st period - Shot by Nicolas Roy.
12:27 of 1st period - Goal by Nicolas Roy - DALLAS Stars : 0 - LOS ANGELES Kings : 1.
12:28 of 1st period - Dylan Cozens wins face-off versus Nick Bonino in neutral zone.
12:28 of 1st period - Mikhail Sergachev is hit by Chandler Stephenson and loses puck.
12:39 of 1st period - Shot by Dylan Cozens.
12:39 of 1st period - Goal by Dylan Cozens - DALLAS Stars : 1 - LOS ANGELES Kings : 1.
12:40 of 1st period - Nick Foligno wins face-off versus Reilly Smith in neutral zone.
14:15 of 1st period - Sebastien Aho is hit by Olli Maatta and loses puck.
14:43 of 1st period - Shot by Dylan Cozens.
14:43 of 1st period - Shot Misses the Net.
15:13 of 1st period - Shot by Nicolas Roy.
15:13 of 1st period - Shot Misses the Net.
15:15 of 1st period - Shot by Mika Zibanejad.
15:15 of 1st period - Shot Misses the Net.
15:17 of 1st period - Shot by Nicolas Roy.
15:17 of 1st period - Deflect By Mika Zibanejad.
15:17 of 1st period - Stopped by Joonas Korpisalo without a rebound.
15:18 of 1st period - Morgan Frost wins face-off versus Nick Bonino in DALLAS Stars zone.
15:32 of 1st period - Aaron Ekblad is hit by Neal Pionk and loses puck.
15:36 of 1st period - Nick Bonino is hit by Neal Pionk.
16:34 of 1st period - Shot by Jakob Silfverberg.
16:34 of 1st period - Deflect By Mika Zibanejad.
16:34 of 1st period - Shot Misses the Net.
16:36 of 1st period - Shot by Jakob Silfverberg.
16:36 of 1st period - Shot Misses the Net.
16:38 of 1st period - Shot by Derek Forbort.
16:38 of 1st period - Stopped by Joonas Korpisalo without a rebound.
16:39 of 1st period - Dylan Cozens wins face-off versus Brock McGinn in DALLAS Stars zone.
17:52 of 1st period - Icing by Aaron Ekblad.
17:53 of 1st period - Nicolas Roy wins face-off versus Tomas Hertl in LOS ANGELES Kings zone.
17:53 of 1st period - Mika Zibanejad is hit by Ondrej Kase and loses puck.
18:28 of 1st period - Shot by Reilly Smith.
18:28 of 1st period - Shot Misses the Net.
18:30 of 1st period - Shot by John Carlson.
18:30 of 1st period - Stopped by Cayden Primeau without a rebound.
18:31 of 1st period - Brayden Schenn wins face-off versus William Karlsson in LOS ANGELES Kings zone.
18:31 of 1st period - Brayden Schenn is hit by William Karlsson.
18:41 of 1st period - Shot by Mats Zuccarello.
18:41 of 1st period - Shot Misses the Net.
18:55 of 1st period - Shot by Tyson Jost.
18:55 of 1st period - Shot Misses the Net.
19:43 of 1st period - Shot by Chandler Stephenson.
19:43 of 1st period - Stopped by Joonas Korpisalo without a rebound.
19:44 of 1st period - Nicolas Roy wins face-off versus Dylan Cozens in DALLAS Stars zone.
19:44 of 1st period - Nicolas Roy is hit by Darnell Nurse.
Goals for this period are 1 for DALLAS Stars vs 1 for LOS ANGELES Kings .
Shots for this period are 5 for DALLAS Stars vs 11 for LOS ANGELES Kings .

2nd period


0:01 of 2nd period - Brayden Schenn wins face-off versus Dylan Cozens in neutral zone.
0:04 of 2nd period - Shot by Jason Zucker.
0:04 of 2nd period - Stopped by Joonas Korpisalo with a rebound.
0:06 of 2nd period - Shot by Jason Zucker.
0:06 of 2nd period - Goal by Jason Zucker - DALLAS Stars : 1 - LOS ANGELES Kings : 2.
0:07 of 2nd period - Dylan Cozens wins face-off versus Brayden Schenn in neutral zone.
0:10 of 2nd period - Shot by Damon Severson.
0:10 of 2nd period - Stopped by Cayden Primeau without a rebound.
0:11 of 2nd period - Dylan Cozens wins face-off versus Brayden Schenn in LOS ANGELES Kings zone.
0:16 of 2nd period - Shot by Tyler Bertuzzi.
0:16 of 2nd period - Shot Misses the Net.
0:21 of 2nd period - Minor Penalty to Aaron Ekblad for High sticking.
0:22 of 2nd period - Dylan Cozens wins face-off versus Jason Zucker in LOS ANGELES Kings zone.
0:39 of 2nd period - Shot by Tyler Bertuzzi.
0:39 of 2nd period - Stopped by Cayden Primeau without a rebound.
0:40 of 2nd period - Jason Zucker wins face-off versus Sebastien Aho in LOS ANGELES Kings zone.
0:51 of 2nd period - Jason Zucker is hit by Tomas Hertl and loses puck.
1:10 of 2nd period - Shot by Jason Zucker.
1:10 of 2nd period - Shot Blocked by Darnell Nurse.
1:14 of 2nd period - Shot by Jason Zucker.
1:14 of 2nd period - Stopped by Joonas Korpisalo with a rebound.
1:26 of 2nd period - Jason Zucker is hit by Darnell Nurse and loses puck.
1:54 of 2nd period - Icing by Ondrej Kase.
1:55 of 2nd period - Jason Zucker wins face-off versus Dylan Cozens in DALLAS Stars zone.
2:04 of 2nd period - Shot by Brayden Schenn.
2:04 of 2nd period - Shot Blocked by Mikhail Sergachev.
2:12 of 2nd period - Shot by Damon Severson.
2:12 of 2nd period - Stopped by Cayden Primeau without a rebound.
2:13 of 2nd period - Tyler Bertuzzi wins face-off versus Chandler Stephenson in LOS ANGELES Kings zone.
2:39 of 2nd period - Icing by Jakob Silfverberg.
2:40 of 2nd period - Morgan Frost wins face-off versus Nicolas Roy in LOS ANGELES Kings zone.
3:48 of 2nd period - Nick Foligno is hit by Tyler Bertuzzi and loses puck.
4:12 of 2nd period - Shot by Tyler Bertuzzi.
4:12 of 2nd period - Shot Misses the Net.
4:14 of 2nd period - Shot by John Carlson.
4:14 of 2nd period - Stopped by Cayden Primeau with a rebound.
4:16 of 2nd period - Shot by Dylan Cozens.
4:16 of 2nd period - Shot Misses the Net.
4:18 of 2nd period - Shot by Tyler Bertuzzi.
4:18 of 2nd period - Shot Blocked by Thomas Chabot.
4:52 of 2nd period - Shot by Jason Zucker.
4:52 of 2nd period - Shot Misses the Net.
4:54 of 2nd period - Shot by Arber Xhekaj.
4:54 of 2nd period - Stopped by Joonas Korpisalo without a rebound.
4:55 of 2nd period - Nicolas Roy wins face-off versus William Karlsson in DALLAS Stars zone.
5:07 of 2nd period - Mikhail Sergachev is hit by Olli Maatta and loses puck.
5:11 of 2nd period - William Karlsson is hit by Olli Maatta and loses puck.
5:24 of 2nd period - William Karlsson is hit by Jakob Silfverberg and loses puck.
5:35 of 2nd period - Shot by Tyson Jost.
5:35 of 2nd period - Shot Misses the Net.
7:41 of 2nd period - Shot by Peyton Krebs.
7:41 of 2nd period - Shot Blocked by Thomas Chabot.
7:48 of 2nd period - Off-side.
7:49 of 2nd period - William Karlsson wins face-off versus Nicolas Roy in neutral zone.
8:10 of 2nd period - Shot by Tyson Jost.
8:10 of 2nd period - Shot Misses the Net.
8:53 of 2nd period - Icing by Jakob Silfverberg.
8:54 of 2nd period - Nicolas Roy wins face-off versus Dylan Cozens in LOS ANGELES Kings zone.
9:31 of 2nd period - Icing by Sebastien Aho.
9:32 of 2nd period - Nick Foligno wins face-off versus Sebastien Aho in DALLAS Stars zone.
9:33 of 2nd period - Shot by Brock McGinn.
9:33 of 2nd period - Shot Misses the Net.
9:35 of 2nd period - Shot by Derek Forbort.
9:35 of 2nd period - Shot Misses the Net.
10:46 of 2nd period - Shot by Brayden Schenn.
10:46 of 2nd period - Shot Misses the Net.
10:48 of 2nd period - Shot by Jason Zucker.
10:48 of 2nd period - Stopped by Joonas Korpisalo without a rebound.
10:49 of 2nd period - Nicolas Roy wins face-off versus William Karlsson in DALLAS Stars zone.
11:04 of 2nd period - Shot by John Carlson.
11:04 of 2nd period - Shot Blocked by Nicolas Roy.
11:12 of 2nd period - Tyson Jost is hit by Jakob Silfverberg and loses puck.
11:29 of 2nd period - Shot by Jakob Silfverberg.
11:29 of 2nd period - Shot Misses the Net.
12:03 of 2nd period - Shot by Reilly Smith.
12:03 of 2nd period - Stopped by Cayden Primeau without a rebound.
12:04 of 2nd period - Nick Foligno wins face-off versus Sebastien Aho in LOS ANGELES Kings zone.
12:04 of 2nd period - Nick Foligno is hit by Tyler Bertuzzi.
12:20 of 2nd period - Shot by Sebastien Aho.
12:20 of 2nd period - Shot Misses the Net.
12:38 of 2nd period - Shot by Dylan Cozens.
12:38 of 2nd period - Shot Misses the Net.
12:45 of 2nd period - Icing by Derek Forbort.
12:46 of 2nd period - Tomas Hertl wins face-off versus Nick Foligno in LOS ANGELES Kings zone.
12:52 of 2nd period - Icing by Arber Xhekaj.
12:53 of 2nd period - Nick Foligno wins face-off versus Tomas Hertl in LOS ANGELES Kings zone.
12:53 of 2nd period - Brock McGinn is hit by Tomas Hertl and loses puck.
13:02 of 2nd period - Shot by Arber Xhekaj.
13:02 of 2nd period - Goal by Arber Xhekaj - DALLAS Stars : 1 - LOS ANGELES Kings : 3.
13:03 of 2nd period - Tomas Hertl wins face-off versus Brayden Schenn in neutral zone.
13:21 of 2nd period - Shot by Tomas Hertl.
13:21 of 2nd period - Shot Misses the Net.
13:31 of 2nd period - Shot by Jason Zucker.
13:31 of 2nd period - Stopped by Joonas Korpisalo without a rebound.
13:32 of 2nd period - Dylan Cozens wins face-off versus Nicolas Roy in DALLAS Stars zone.
14:54 of 2nd period - Damon Severson is hit by Thomas Chabot and loses puck.
14:58 of 2nd period - Minor Penalty to Brayden Schenn for Tripping.
14:58 of 2nd period - Minor Penalty to Tyler Bertuzzi for Hooking.
14:59 of 2nd period - Ondrej Kase wins face-off versus Jason Zucker in neutral zone.
15:08 of 2nd period - Shot by John Carlson.
15:08 of 2nd period - Stopped by Cayden Primeau with a rebound.
15:26 of 2nd period - Icing by Thomas Chabot.
15:27 of 2nd period - Ondrej Kase wins face-off versus Jason Zucker in LOS ANGELES Kings zone.
15:27 of 2nd period - Ondrej Kase is hit by Thomas Chabot.
16:13 of 2nd period - Mikhail Sergachev is hit by Jason Zucker and loses puck.
16:48 of 2nd period - Off-side.
16:49 of 2nd period - Brock McGinn wins face-off versus Ondrej Kase in neutral zone.
16:56 of 2nd period - Shot by Nicolas Roy.
16:56 of 2nd period - Stopped by Joonas Korpisalo without a rebound.
16:57 of 2nd period - Peyton Krebs wins face-off versus Brock McGinn in DALLAS Stars zone.
17:01 of 2nd period - Sebastien Aho is hit by Arber Xhekaj and loses puck.
17:42 of 2nd period - Shot by Tyler Bertuzzi.
17:42 of 2nd period - Shot Misses the Net.
18:27 of 2nd period - Icing by Calen Addison.
18:28 of 2nd period - Tomas Hertl wins face-off versus Nick Bonino in LOS ANGELES Kings zone.
18:35 of 2nd period - Shot by Reilly Smith.
18:35 of 2nd period - Shot Misses the Net.
19:14 of 2nd period - Icing by Reilly Smith.
19:15 of 2nd period - Brayden Schenn wins face-off versus Tomas Hertl in DALLAS Stars zone.
19:21 of 2nd period - Brayden Schenn is hit by Mikhail Sergachev and loses puck.
19:25 of 2nd period - Icing by Mikhail Sergachev.
19:26 of 2nd period - Tomas Hertl wins face-off versus Nick Foligno in DALLAS Stars zone.
19:26 of 2nd period - Tomas Hertl is hit by Brock McGinn.
19:27 of 2nd period - Minor Penalty to Brock McGinn for High sticking.
19:28 of 2nd period - Jason Zucker wins face-off versus Dylan Cozens in LOS ANGELES Kings zone.
Goals for this period are 0 for DALLAS Stars vs 2 for LOS ANGELES Kings .
Shots for this period are 6 for DALLAS Stars vs 8 for LOS ANGELES Kings .

3rd period


0:01 of 3rd period - Jason Zucker wins face-off versus Dylan Cozens in neutral zone.
1:26 of 3rd period - Shot by Sebastien Aho.
1:26 of 3rd period - Stopped by Cayden Primeau with a rebound.
2:18 of 3rd period - Icing by Neal Pionk.
2:19 of 3rd period - Nicolas Roy wins face-off versus Morgan Frost in DALLAS Stars zone.
2:28 of 3rd period - Shot by Mika Zibanejad.
2:28 of 3rd period - Shot Misses the Net.
2:34 of 3rd period - Shot by Nicolas Roy.
2:34 of 3rd period - Stopped by Joonas Korpisalo without a rebound.
2:35 of 3rd period - Dylan Cozens wins face-off versus Nick Bonino in DALLAS Stars zone.
3:16 of 3rd period - Nick Bonino is hit by Tyler Bertuzzi and loses puck.
3:57 of 3rd period - Shot by Mats Zuccarello.
3:57 of 3rd period - Shot Misses the Net.
3:59 of 3rd period - Shot by Jason Zucker.
3:59 of 3rd period - Stopped by Joonas Korpisalo without a rebound.
4:00 of 3rd period - Tomas Hertl wins face-off versus Mika Zibanejad in DALLAS Stars zone.
4:26 of 3rd period - Jakob Silfverberg is hit by Darnell Nurse and loses puck.
4:33 of 3rd period - Arber Xhekaj is hit by Ondrej Kase and loses puck.
4:53 of 3rd period - Icing by Mika Zibanejad.
4:54 of 3rd period - William Karlsson wins face-off versus Mika Zibanejad in LOS ANGELES Kings zone.
5:26 of 3rd period - Shot by Daniel Sprong.
5:26 of 3rd period - Stopped by Cayden Primeau without a rebound.
5:27 of 3rd period - Morgan Frost wins face-off versus Brayden Schenn in LOS ANGELES Kings zone.
5:56 of 3rd period - Morgan Frost is hit by Jason Zucker and loses puck.
6:12 of 3rd period - Icing by Jason Zucker.
6:13 of 3rd period - Brayden Schenn wins face-off versus Dylan Cozens in LOS ANGELES Kings zone.
6:15 of 3rd period - Icing by Jason Zucker.
6:16 of 3rd period - Dylan Cozens wins face-off versus Brayden Schenn in LOS ANGELES Kings zone.
6:22 of 3rd period - Icing by Thomas Chabot.
6:23 of 3rd period - Dylan Cozens wins face-off versus Jason Zucker in LOS ANGELES Kings zone.
6:27 of 3rd period - Icing by Aaron Ekblad.
6:28 of 3rd period - Brayden Schenn wins face-off versus Dylan Cozens in LOS ANGELES Kings zone.
7:31 of 3rd period - Shot by Jesse Ylonen.
7:31 of 3rd period - Shot Misses the Net.
7:33 of 3rd period - Shot by Brock McGinn.
7:33 of 3rd period - Stopped by Joonas Korpisalo without a rebound.
7:34 of 3rd period - William Karlsson wins face-off versus Nicolas Roy in DALLAS Stars zone.
7:57 of 3rd period - Shot by Nicolas Roy.
7:57 of 3rd period - Shot Misses the Net.
7:59 of 3rd period - Shot by Jakob Silfverberg.
7:59 of 3rd period - Shot Misses the Net.
8:01 of 3rd period - Shot by Derek Forbort.
8:01 of 3rd period - Shot Blocked by Gustav Lindstrom.
8:03 of 3rd period - Shot by Derek Forbort.
8:03 of 3rd period - Shot Misses the Net.
8:05 of 3rd period - Shot by Mika Zibanejad.
8:05 of 3rd period - Shot Misses the Net.
8:07 of 3rd period - Shot by Nicolas Roy.
8:07 of 3rd period - Shot Blocked by Tyson Jost.
8:15 of 3rd period - Shot by Mika Zibanejad.
8:15 of 3rd period - Stopped by Joonas Korpisalo with a rebound.
9:35 of 3rd period - Shot by Brayden Schenn.
9:35 of 3rd period - Stopped by Joonas Korpisalo without a rebound.
9:36 of 3rd period - Nick Foligno wins face-off versus Dylan Cozens in DALLAS Stars zone.
9:50 of 3rd period - Brock McGinn is hit by Sebastien Aho and loses puck.
10:12 of 3rd period - Shot by Sebastien Aho.
10:12 of 3rd period - Stopped by Cayden Primeau without a rebound.
10:13 of 3rd period - Brayden Schenn wins face-off versus Morgan Frost in LOS ANGELES Kings zone.
10:15 of 3rd period - Icing by Thomas Chabot.
10:16 of 3rd period - Brayden Schenn wins face-off versus William Karlsson in LOS ANGELES Kings zone.
10:32 of 3rd period - Mats Zuccarello is hit by Neal Pionk and loses puck.
11:09 of 3rd period - Icing by William Karlsson.
11:10 of 3rd period - Nicolas Roy wins face-off versus William Karlsson in DALLAS Stars zone.
12:44 of 3rd period - Tomas Hertl is hit by Derek Forbort and loses puck.
12:48 of 3rd period - Reilly Smith is hit by Derek Forbort and loses puck.
13:14 of 3rd period - Mats Zuccarello is hit by Darnell Nurse and loses puck.
14:17 of 3rd period - Brayden Schenn is hit by William Karlsson and loses puck.
14:24 of 3rd period - Shot by William Karlsson.
14:24 of 3rd period - Goal by William Karlsson - DALLAS Stars : 2 - LOS ANGELES Kings : 3.
14:25 of 3rd period - Dylan Cozens wins face-off versus Nicolas Roy in neutral zone.
14:35 of 3rd period - Icing by Mika Zibanejad.
14:36 of 3rd period - Morgan Frost wins face-off versus Nicolas Roy in LOS ANGELES Kings zone.
14:40 of 3rd period - Icing by Calen Addison.
14:41 of 3rd period - Dylan Cozens wins face-off versus Nicolas Roy in LOS ANGELES Kings zone.
14:56 of 3rd period - Shot by Jakob Silfverberg.
14:56 of 3rd period - Shot Blocked by Sebastien Aho.
14:58 of 3rd period - Shot by Jakob Silfverberg.
14:58 of 3rd period - Shot Misses the Net.
15:00 of 3rd period - Shot by Jakob Silfverberg.
15:00 of 3rd period - Deflect By Nicolas Roy.
15:00 of 3rd period - Stopped by Joonas Korpisalo without a rebound.
15:01 of 3rd period - Rem Pitlick wins face-off versus Nick Foligno in DALLAS Stars zone.
15:08 of 3rd period - Shot by Morgan Frost.
15:08 of 3rd period - Shot Misses the Net.
15:10 of 3rd period - Shot by Peyton Krebs.
15:10 of 3rd period - Stopped by Cayden Primeau with a rebound.
15:12 of 3rd period - Shot by Gustav Lindstrom.
15:12 of 3rd period - Stopped by Cayden Primeau without a rebound.
15:13 of 3rd period - Dylan Cozens wins face-off versus Nicolas Roy in LOS ANGELES Kings zone.
15:50 of 3rd period - Shot by Dylan Cozens.
15:50 of 3rd period - Shot Misses the Net.
15:52 of 3rd period - Shot by Sebastien Aho.
15:52 of 3rd period - Stopped by Cayden Primeau without a rebound.
15:53 of 3rd period - Brayden Schenn wins face-off versus Tomas Hertl in LOS ANGELES Kings zone.
16:09 of 3rd period - Minor Penalty to Thomas Chabot for Hooking.
16:10 of 3rd period - Jason Zucker wins face-off versus Dylan Cozens in LOS ANGELES Kings zone.
16:10 of 3rd period - Jason Zucker is hit by Tyler Bertuzzi.
16:22 of 3rd period - Jason Zucker is hit by Dylan Cozens and loses puck.
16:38 of 3rd period - Dylan Cozens is hit by Arber Xhekaj and loses puck.
16:47 of 3rd period - Shot by Darnell Nurse.
16:47 of 3rd period - Stopped by Cayden Primeau without a rebound.
16:48 of 3rd period - Chandler Stephenson wins face-off versus Sebastien Aho in LOS ANGELES Kings zone.
16:48 of 3rd period - Chandler Stephenson is hit by Tomas Hertl.
16:59 of 3rd period - Mikhail Sergachev is hit by Calen Addison.
17:01 of 3rd period - Shot by Sebastien Aho.
17:01 of 3rd period - Stopped by Cayden Primeau without a rebound.
17:02 of 3rd period - Sebastien Aho wins face-off versus Chandler Stephenson in LOS ANGELES Kings zone.
17:05 of 3rd period - Shot by Tomas Hertl.
17:05 of 3rd period - Goal by Tomas Hertl - DALLAS Stars : 3 - LOS ANGELES Kings : 3.
17:06 of 3rd period - Brock McGinn wins face-off versus William Karlsson in neutral zone.
17:40 of 3rd period - Shot by Tyson Jost.
17:40 of 3rd period - Shot Misses the Net.
17:45 of 3rd period - Icing by Olli Maatta.
17:46 of 3rd period - Nick Foligno wins face-off versus Dylan Cozens in LOS ANGELES Kings zone.
18:20 of 3rd period - Shot by Mats Zuccarello.
18:20 of 3rd period - Stopped by Joonas Korpisalo with a rebound.
18:22 of 3rd period - Shot by Mats Zuccarello.
18:22 of 3rd period - Stopped by Joonas Korpisalo without a rebound.
18:23 of 3rd period - Tomas Hertl wins face-off versus Nicolas Roy in DALLAS Stars zone.
18:40 of 3rd period - Shot by Ondrej Kase.
18:40 of 3rd period - Shot Misses the Net.
18:54 of 3rd period - Jakob Silfverberg is hit by Tomas Hertl and loses puck.
19:08 of 3rd period - Icing by Tomas Hertl.
19:09 of 3rd period - Brayden Schenn wins face-off versus Tomas Hertl in DALLAS Stars zone.
19:11 of 3rd period - Jason Zucker is hit by Mikhail Sergachev and loses puck.
19:22 of 3rd period - Thomas Chabot is hit by Mikhail Sergachev and loses puck.
19:39 of 3rd period - Mats Zuccarello is hit by Tyler Bertuzzi and loses puck.
Goals for this period are 2 for DALLAS Stars vs 0 for LOS ANGELES Kings .
Shots for this period are 10 for DALLAS Stars vs 8 for LOS ANGELES Kings .

Overtime #1


0:01 of 1st overtime period - William Karlsson wins face-off versus Chandler Stephenson in neutral zone.
0:08 of 1st overtime period - Shot by Ondrej Kase.
0:08 of 1st overtime period - Shot Misses the Net.
0:38 of 1st overtime period - Shot by Chandler Stephenson.
0:38 of 1st overtime period - Stopped by Joonas Korpisalo without a rebound.
0:39 of 1st overtime period - Chandler Stephenson wins face-off versus William Karlsson in DALLAS Stars zone.
0:56 of 1st overtime period - Shot by Nicolas Roy.
0:56 of 1st overtime period - Shot Misses the Net.
1:30 of 1st overtime period - Shot by Tyson Jost.
1:30 of 1st overtime period - Stopped by Cayden Primeau with a rebound.
1:54 of 1st overtime period - Shot by Brock McGinn.
1:54 of 1st overtime period - Deflect By Nick Bonino.
1:54 of 1st overtime period - Shot Blocked by John Carlson.
2:14 of 1st overtime period - Icing by John Carlson.
2:15 of 1st overtime period - Tyson Jost wins face-off versus Chandler Stephenson in DALLAS Stars zone.
3:04 of 1st overtime period - Shot by Brock McGinn.
3:04 of 1st overtime period - Shot Misses the Net.
3:30 of 1st overtime period - Icing by Daniel Sprong.
3:31 of 1st overtime period - Sebastien Aho wins face-off versus Chandler Stephenson in DALLAS Stars zone.
3:44 of 1st overtime period - Shot by Sebastien Aho.
3:44 of 1st overtime period - Goal by Sebastien Aho - DALLAS Stars : 4 - LOS ANGELES Kings : 3.
Goals for this period are 1 for DALLAS Stars vs 0 for LOS ANGELES Kings .
Shots for this period are 2 for DALLAS Stars vs 1 for LOS ANGELES Kings .